 Dungeon Crawl Stone Soup version 0.26-a0-597-gb535b0901c (webtiles) character file.

Game seed: 6579505381836876612

36 Alarkh the Insei (level 3, 28/28 HPs)
             Began as a Demonspawn Gladiator on Sept 12, 2020.
             Got out of the dungeon alive.
             The game lasted 00:01:00 (1746 turns).

Alarkh the Insei (Demonspawn Gladiator)             Turns: 1746, Time: 00:01:01

Health: 28/28      AC:  4    Str: 14    XL:     3   Next: 19%
Magic:  3/3        EV: 13    Int: 10    God:
Gold:   59         SH:  0    Dex: 16    Spells: 2/2 levels left

rFire    . . .     SeeInvis .     - Unarmed
rCold    . . .     Faith    .   (no shield)
rNeg     . . .     Spirit   .   a - +0 leather armour
rPois    .         Reflect  .   b - +0 helmet
rElec    .         Harm     .   (no cloak)
rCorr    .                      (no gloves)
MR       .....                  (no boots)
Stlth    ++........             (no amulet)
HPRegen  0.09/turn              (no ring)
MPRegen  0.08/turn              (no ring)

@: no status effects
A: thin skeletal structure 1
a: no special abilities


You escaped.
You visited 1 branch of the dungeon, and saw 2 of its levels.

You collected 59 gold pieces.

Inventory:

Missiles
 c - 3 throwing nets (quivered)
Armour
 a - a +0 leather armour (worn)
 b - a +0 helmet (worn)
Wands
 n - a wand of flame (15)
Scrolls
 d - 5 scrolls of identify {unknown}
 e - 2 scrolls of remove curse {unknown}
 f - a scroll of magic mapping {unknown}
 g - 3 scrolls of teleportation {unknown}
 h - a scroll of fog {unknown}
 i - a scroll of blinking {unknown}
 j - a scroll of fear {unknown}
 k - a scroll of amnesia {unknown}
Potions
 m - a potion of berserk rage {unknown}


   Skills:
 + Level 2.6 Fighting
 - Level 1.7 Throwing
 - Level 2.6 Dodging
 * Level 3.6 Unarmed Combat


You had 2 spell levels left.
You didn't know any spells.
Your spell library was empty.

Dungeon Overview and Level Annotations

Branches:
Dungeon (2/15)

Altars:


Innate Abilities, Weirdness & Mutations

You have a somewhat thin skeletal structure. (Dex +2, Stealth)


Message History

No target in view!
No target in view!
No target in view!
No target in view!
No target in view!
(D) Dungeon
Where to? (Enter - D:2, ? - help)
There is a stone staircase leading up here.
You climb upwards.
There is a stone staircase leading down here.
There is an open door here.
You see here 20 stones.
You see here 22 stones.
You enter the shallow water.
Moving in this stuff is going to be slow.
HP restored.
There is a large open door here.
There is a staircase leading out of the dungeon here.
Are you sure you want to leave the Dungeon?
This will make you lose the game!
You have escaped!

.....###.##.### ############
....## #......# ...##
#.####.########### #'##
#...≈≈≈≈≈≈≈≈≈≈##># #.#
#...≈8≈≈≈≈≈≈8≈##.# #.#
##..≈≈8≈≈≈≈8≈≈##.# #.##
#..§≈≈####≈≈§##.# ...####
#..≈≈≈'..#≈≈≈##.# ####### ......#
#..≈§≈'.@#≈§≈##.# #......
...##(###.§≈§≈####≈≈≈##.###.#####
#.###..(...≈≈8§≈≈≈8≈≈#......# #.#
#######≈8≈§§≈≈≈8≈##.##### #.#
#≈≈≈§§§≈≈≈≈#### #.# ############
#.# #.# ..#


There were no monsters in sight!

Vanquished Creatures
  An adder (D:2)
  A dart slug (D:2)
  A leopard gecko (D:1)
  A hobgoblin (D:1)
  6 kobolds
  6 bats
  3 frilled lizards
  4 goblins (D:1)
  3 rats
26 creatures vanquished.

Notes
Turn   | Place    | Note
-------+----------+-------------------------------------------
     0 | D:1      | Alarkh the Demonspawn Gladiator began the quest for the
                  | Orb.
     0 | D:1      | Reached XP level 1. HP: 16/16 MP: 1/1
   743 | D:1      | Reached skill level 3 in Unarmed Combat
   786 | D:1      | Gained mutation: You have a somewhat thin skeletal
                  | structure. (Dex +2, Stealth) [demonic ancestry]
   786 | D:1      | Reached XP level 2. HP: 22/22 MP: 2/2
  1533 | D:2      | Reached XP level 3. HP: 10/28 MP: 3/3
  1746 | D:$      | Got out of the dungeon alive.

Illustrated notes

Levels and vault maps discovered:
D:1:      lightli_arrival_boilingwater, layout_loops_corners,
          roderic_roman_lattice
D:2:      layout_basic, minmay_misc_feat_doors

Skill      XL: |  1 |
---------------+----+-----
Unarmed Combat | 3 |  3.6
Fighting       | |  2.6
Throwing       | |  1.7
Dodging        | |  2.6

Action                   || total
-------------------------++-------
Melee: Unarmed           ||    87
       Punch             ||     1
  Use: Potion            ||     1
 Stab: Sleeping          ||     4
Armor: Leather armour    ||    28
Dodge: Dodged            ||    48

Table legend: (Time is in decaauts)
 A = Elapsed time spent in this place.
 B = Non-inter-level travel time spent in this place.
 C = Inter-level travel time spent in this place.
 D = Time resting spent in this place.
 E = Time spent auto-exploring this place.
 F = Levels seen in this place.
 G = Mean time per level.
                   A        B        C        D        E       F      G
               +--------+--------+--------+--------+--------+-----+--------+
         Total |   1744 |   1654 |     90 |    395 |   1081 |   2 |  872.0 |
       Dungeon |   1744 |   1654 |     90 |    395 |   1081 |   2 |  872.0 |
               +--------+--------+--------+--------+--------+-----+--------+

Top non-repeatable levels by time:
     D:1: 1296 daAuts
     D:2: 448 daAuts
